 Dungeon Crawl Stone Soup version 0.31-a0-188-g5e087ee2ca (webtiles) character file.

Game seed: 18157272230523529732

63 qw the Shooter (level 3, -1/20 HPs)
             Began as a Deep Elf Hunter on June 22, 2023.
             Killed by divine providence
             ... invoked by an orc priest
              (13 damage)
             ... on level 3 of the Dungeon on June 23, 2023.
             The game lasted 00:00:33 (1473 turns).

qw the Shooter (Deep Elf Hunter)                    Turns: 1473, Time: 00:00:33

Health: -1/20      AC:  5    Str: 10    XL:     3   Next: 87%
Magic:  5/5        EV: 11    Int: 13    God:
Gold:   117        SH:  0    Dex: 18    Spells: 2/2 levels left

rFire   . . .        Y - +0 shortbow
rCold   . . .        (shield currently unavailable)
rNeg    . . .        f - +0 ring mail
rPois   .            (no helmet)
rElec   .            (no cloak)
rCorr   .            (no gloves)
SInv    .            (no boots)
Will    .....        (no amulet)
Stlth   +            (no ring)
HPRegen 0.23/turn    (no ring)
MPRegen 0.09/turn

%: no passive effects
@: no status effects
A: no striking features
a: no special abilities


You were on level 3 of the Dungeon.
You visited 1 branch of the dungeon, and saw 3 of its levels.

You collected 117 gold pieces.


   Skills:
 - Level 1.5 Fighting
 + Level 7.3 Ranged Weapons
 - Level 2.4 Dodging
 - Level 1.2 Stealth


You had 2 spell levels left.
You didn't know any spells.
Your spell library was empty.

Inventory:

Hand Weapons
 Y - a +0 shortbow (weapon)
Armour
 f - a +0 ring mail (worn)
Scrolls
 d - a scroll of identify

Dungeon Overview and Level Annotations

Branches:
Dungeon (3/15)

Altars:

Annotations:
D:1 1 runed translucent door


Message History

Found an escape hatch in the floor.
There is an escape hatch in the floor here.
An orc priest comes into view. It is wielding a +0 whip.
You shoot an arrow.
The arrow closely misses the orc priest.
You shoot an arrow.
The arrow completely misses the orc priest.
You shoot an arrow.
The arrow closely misses the orc priest.
You shoot an arrow.
The arrow closely misses the orc priest.
The orc priest barely misses you.
You shoot an arrow.
The arrow closely misses the orc priest.
The orc priest completely misses you.
You shoot an arrow.
The arrow closely misses the orc priest.
The orc priest hits you but does no damage.
The orc priest looks encouraged for a moment.
You shoot an arrow. The arrow hits the orc priest!
The orc priest is severely wounded.
The orc priest hits you but does no damage.
You shoot an arrow.
The arrow hits the orc priest but does no damage.
The orc priest is severely wounded.
The orc priest looks encouraged for a moment.
You shoot an arrow.
The arrow closely misses the orc priest.
The orc priest calls down the wrath of Beogh upon you.
Pain shoots through your body!
You shoot an arrow.
The arrow closely misses the orc priest.
The orc priest hits you with a +0 whip.
You shoot an arrow.
The arrow hits the orc priest but does no damage.
The orc priest is severely wounded.
The orc priest calls down the wrath of Beogh upon you.
Beogh smites you!
Ouch! That really hurt!
You die...

#. #. #.. ##..
#.... . ##.#
#...###. ..#.#
#..o.#.###.#.#
#@#.......#
#.# #.....#
#.# #.....#
#.# #.....#
#.# #.<...#
#.#
#.....#####..
#.#
#####.<.....#
#.# #.#####.#
#.# ###.####


You could see an orc priest.

Vanquished Creatures
  2 adders (D:2)
  A dart slug (D:1)
  5 bats
  3 endoplasms (D:1)
  4 giant cockroaches
  5 goblins
  4 hobgoblins
  6 kobolds
  3 quokkas
  5 ball pythons
  3 rats
41 creatures vanquished.

Notes
Turn   | Place    | Note
-------+----------+-------------------------------------------
     0 | D:1      | qw the Deep Elf Hunter began the quest for the Orb.
     0 | D:1      | Reached XP level 1. HP: 12/12 MP: 3/3
     0 | D:1      | 0 ||| qw: Version: 0.3-a-9-g12657ce
     0 | D:1      | 0 ||| qw: Game counter: 3070
     0 | D:1      | 0 ||| qw: Always use a shield: true
     0 | D:1      | 0 ||| qw: God list: Okawaru
     0 | D:1      | 0 ||| qw: Allow faded altars: false
     0 | D:1      | 0 ||| qw: Do Orc after D:15 true
     0 | D:1      | 0 ||| qw: Do second Lair branch before Depths: true
     0 | D:1      | 0 ||| qw: Lair rune preference: random
     0 | D:1      | 0 ||| qw: Plans: Normal
     0 | D:1      | 0 ||| PLANNING D:1-11
     1 | D:1      | Found a runed translucent door.
     8 | D:1      | Noticed a jelly
   104 | D:1      | Reached XP level 2. HP: 16/16 MP: 4/4
   168 | D:1      | Reached skill level 6 in Ranged Weapons
   420 | D:1      | 420 ||| FLEEEEING.
   422 | D:1      | 422 ||| FLEEEEING.
   423 | D:1      | 423 ||| FLEEEEING.
   667 | D:1      | 667 ||| DROPPING scroll of butterflies.
   734 | D:2      | Reached XP level 3. HP: 20/20 MP: 5/5
   918 | D:2      | Identified the +5 trident "Plog" {spect, Stlth+}
  1041 | D:2      | Reached skill level 7 in Ranged Weapons
  1070 | D:2      | 1070 ||| Stepping ~*~*~tactically~*~*~ (outnumbered).
  1375 | D:2      | 1375 ||| UPGRADING to +0 ring mail.
  1385 | D:2      | 1385 ||| DROPPING +0 leather armour.
  1386 | D:2      | 1386 ||| READING scroll labelled GEUMAOG OLE EWEUSE.
  1389 | D:2      | 1389 ||| READING 2 scrolls labelled QIKKIL YFUD.
  1390 | D:2      | 1390 ||| READING scroll labelled OSOOVO UHUIGH.
  1391 | D:2      | 1391 ||| READING scroll labelled GUTZON UKUUMM.
  1473 | D:3      | Killed from afar by an orc priest

Levels and vault maps discovered:
D:1:      dpeg_arrival_caged_fury, layout_loops_ring
D:2:      layout_basic, minmay_misc_feat_room
D:3:      layout_loops_cross

Skill      XL: |  1  2  3 |
---------------+----------+-----
Ranged Weapons | 6 7 |  7.3
Fighting       | |  1.5
Dodging        | |  2.4
Stealth        | |  1.2

Action                     || total
---------------------------++-------
   Fire: Shortbow          ||   123
    Use: Scroll            ||     4
 Armour: Leather armour    ||     9
         Ring mail         ||     2
  Dodge: Dodged            ||    35

Table legend:
 A = Non-vault XP
 B = Vault XP
 C = Vault XP percentage of total XP
 D = Non-vault monster count
 E = Vault monster count
 F = Vault count percentage of total count
                 A         B        C        D         E       F
            +---------+---------+-------+---------+---------+-------
      Total |      90 |       0 |   0.0 |      41 |       0 |   0.0
            +---------+---------+-------+---------+---------+-------
        D:1 |      38 |       0 |   0.0 |      22 |       0 |   0.0
        D:2 |      52 |       0 |   0.0 |      19 |       0 |   0.0
            +---------+---------+-------+---------+---------+-------
